 Dungeon Crawl Stone Soup version 0.31-a0-232-gb1c03b2570 (webtiles) character file.

Game seed: 10804830227701483570

98 qw the Shooter (level 4, 0/36 HPs)
             Began as a Minotaur Hexslinger on July 7, 2023.
             Slain by a gnoll
             ... wielding a +0 halberd
              (7 damage)
             ... on level 3 of the Dungeon.
             The game lasted 00:00:45 (1923 turns).

qw the Shooter (Minotaur Hexslinger)                Turns: 1923, Time: 00:00:45

Health: 0/36       AC:  7    Str: 12    XL:     4   Next: 44%
Magic:  4/4        EV: 12    Int: 10    God:
Gold:   40         SH:  0    Dex: 15    Spells: 4/5 levels left

rFire   . . .        Y - +1 sling
rCold   . . .        (no shield)
rNeg    . . .        a - +0 leather armour
rPois   .            (helmet restricted)
rElec   .            b - scarf {repulsion}
rCorr   .            (no gloves)
SInv    .            (no boots)
Will    .....        (no amulet)
Stlth   +            g - +4 ring of protection
HPRegen 0.26/turn    (no ring)
MPRegen 0.09/turn

%: repel missiles
@: no status effects
A: horns 2, retaliatory headbutt
a: no special abilities


You were on level 3 of the Dungeon.
You visited 1 branch of the dungeon, and saw 3 of its levels.

You collected 100 gold pieces.
You spent 60 gold pieces at shops.


Innate Abilities, Weirdness & Mutations

You have a pair of horns on your head.
You reflexively headbutt those who attack you in melee.


   Skills:
 + Level 2.0 Fighting
 - Level 5.0 Ranged Weapons
 - Level 2.1 Dodging
 - Level 1.0 Spellcasting
 - Level 2.0 Hexes


You had 4 spell levels left.
You knew the following spells:

 Your Spells              Type           Power      Damage    Failure   Level
a - Slow                  Hex            16%        N/A       19%         1

Your spell library contained the following spells:

 Spells                   Type           Power      Damage    Failure   Level
 Inner Flame              Hex/Fire       2%         N/A       65%         3
 Portal Projectile        Hex/Tloc       4%         N/A       65%         3
 Cause Fear               Hex            2%         N/A       88%         4

Inventory:

Hand Weapons
 Y - a +1 sling (weapon)
Armour
 a - a +0 leather armour (worn)
 b - a scarf of repulsion (worn)
Jewellery
 c - a ring of see invisible
 g - a +4 ring of protection (left hand)
Scrolls
 h - a scroll of identify {unknown}
Potions
 d - a potion of magic {unknown}
 e - 2 potions of curing
 f - a potion of degeneration {unknown}

Dungeon Overview and Level Annotations

Branches:
Dungeon (3/15)

Altars:

Shops:
D:1 ?   D:2 *(=

Annotations:
D:2 1 runed translucent door, Crazy Yiuf


Message History

Found a stone staircase leading down.
Enter note:
There is an open door here.
There is a stone staircase leading down here.
You open the door. 2 gnolls come into view.
The gnoll shouts!
A gnoll comes into view. It is wielding a +0 halberd.
Found 7 gold pieces.
Enter note: You shoot a sling bullet.
The sling bullet hits the gnoll.
The gnoll is lightly wounded.
You shoot a sling bullet.
The sling bullet closely misses the gnoll.
You shoot a sling bullet. The sling bullet hits the gnoll.
The gnoll is moderately wounded.
The gnoll barely misses you. The gnoll hits you with a +0 flail.
The gnoll closely misses you.
The gnoll hits you from afar with a +0 halberd.
You shoot a sling bullet.
The sling bullet barely misses the gnoll.
The gnoll barely misses you. The gnoll completely misses you.
The gnoll hits you with a +0 flail!
You shoot a sling bullet. The sling bullet hits the gnoll.
The gnoll is heavily wounded.
The gnoll hits you from afar with a +0 halberd.
The gnoll closely misses you. The gnoll barely misses you.
You shoot a sling bullet.
The sling bullet completely misses the gnoll.
The gnoll hits you from afar with a +0 halberd!
The gnoll misses you. The gnoll hits you with a +0 flail.
You shoot a sling bullet. The sling bullet hits the gnoll!
You kill the gnoll!
The gnoll completely misses you. The gnoll closely misses you.
Your Ranged Weapons skill increases to level 5!
You shoot a sling bullet. The sling bullet hits the gnoll.
The gnoll is moderately wounded.
The gnoll hits you from afar with a +0 halberd.
The gnoll hits you from afar with a +0 halberd!
You die...

#############.########
#..# #.# .... #.#
..... #.# ..... #.#
...... #.# ###
.....g### ##+######..
.....g')###
#......#..#
#@..####......'.##
###...##......###
###.###'#'###
#...#.#.# ###.#.#.#
#..>..# #######


You could see 2 gnolls.

Vanquished Creatures
  A gnoll (D:3)
  3 adders
  A worm (D:3)
  5 ball pythons
  5 endoplasms
  3 giant cockroaches
  6 goblins
  9 hobgoblins
  3 kobolds
  2 quokkas (D:1)
  9 bats
  6 frilled lizards
  4 rats
57 creatures vanquished.

Notes
Turn   | Place    | Note
-------+----------+-------------------------------------------
     0 | D:1      | qw the Minotaur Hexslinger began the quest for the Orb.
     0 | D:1      | Reached XP level 1. HP: 16/16 MP: 1/1
     0 | D:1      | 0 ||| qw: Version: 0.3-a-46-gb1f654a
     0 | D:1      | 0 ||| qw: Game counter: 2805
     0 | D:1      | 0 ||| qw: Melee chars always use a shield: true
     0 | D:1      | 0 ||| qw: God list: Okawaru
     0 | D:1      | 0 ||| qw: Allow faded altars: false
     0 | D:1      | 0 ||| qw: Do Orc after clearing Dungeon:15 true
     0 | D:1      | 0 ||| qw: Do second Lair branch before Depths: true
     0 | D:1      | 0 ||| qw: Lair rune preference: random
     0 | D:1      | 0 ||| qw: Goals: Normal
     0 | D:1      | 0 ||| PLANNING D:1-11
     6 | D:1      | 6 ||| DROPPING scroll of poison.
   142 | D:1      | Reached skill level 3 in Ranged Weapons
   174 | D:1      | Reached XP level 2. HP: 23/23 MP: 2/2
   321 | D:1      | Found a faded altar of an unknown god.
   502 | D:1      | Found Cad Eheth's Magic Scroll Shop.
   527 | D:1      | 527 ||| SHOPLISTING scroll of identify (26 gold, have 20).
   527 | D:1      | 527 ||| SHOPLISTING scroll of teleportation (39 gold, have
                  | 20).
   838 | D:1      | 838 ||| READING 2 scrolls labelled WOL VARUHE.
   839 | D:1      | 839 ||| READING scroll labelled BAGAMO YXINE.
   842 | D:1      | 842 ||| READING 3 scrolls labelled NUNEYL SELECEU.
   843 | D:1      | 843 ||| DROPPING scroll of revelation.
   844 | D:1      | 844 ||| DROPPING 2 scrolls of amnesia.
   891 | D:2      | 891 ||| STAIRDANCE
   894 | D:1      | Reached XP level 3. HP: 24/29 MP: 3/3
   916 | D:2      | 916 ||| STAIRDANCE
   962 | D:2      | Reached skill level 4 in Ranged Weapons
  1151 | D:2      | Reached XP level 4. HP: 18/36 MP: 4/4
  1271 | D:2      | Found Umismuc's Antique Weapon Shoppe.
  1301 | D:2      | Found Zipejiyt's General Store.
  1310 | D:2      | 1310 ||| SHOPLISTING +2 cloak (165 gold, have 75).
  1310 | D:2      | 1310 ||| BUYING 2 potions of curing (60 gold).
  1310 | D:2      | Bought 2 potions of curing for 60 gold pieces
  1464 | D:2      | Found Noeca's Jewellery Emporium.
  1471 | D:2      | 1471 ||| SHOPLISTING +4 ring of protection (468 gold, have
                  | 15).
  1471 | D:2      | 1471 ||| SHOPLISTING amulet "Ipreew" {Acrobat Int+2} (535
                  | gold, have 15).
  1471 | D:2      | 1471 ||| SHOPLISTING amulet "Jutueppaschi" {Faith rElec
                  | rCorr Dex+3 Slay-2} (747 gold, have 15).
  1471 | D:2      | 1471 ||| SHOPLISTING amulet of reflection (390 gold, have
                  | 15).
  1471 | D:2      | 1471 ||| SHOPLISTING ring of protection from cold (325
                  | gold, have 15).
  1471 | D:2      | 1471 ||| SHOPLISTING ring of see invisible (195 gold, have
                  | 15).
  1524 | D:2      | Found a runed translucent door.
  1525 | D:2      | Noticed Crazy Yiuf
  1604 | D:2      | 1604 ||| UPGRADING to +0 leather armour.
  1614 | D:2      | 1614 ||| UPGRADING to scarf of repulsion.
  1619 | D:2      | 1619 ||| DROPPING +0 robe.
  1620 | D:2      | 1620 ||| UPGRADING to +4 ring of protection.
  1921 | D:3      | HP: 7/36 [gnoll/+0 flail (4)]
  1923 | D:3      | Reached skill level 5 in Ranged Weapons
  1923 | D:3      | Slain by a gnoll

Levels and vault maps discovered:
D:1:      zelgadis_glass_arrival_small, layout_basic, serial_shops, shop,
          hellmonk_ecumenical_altar_inner_sanctum, minivault_14
D:2:      layout_basic, serial_shops, nicolae_shop_tiny_statue_garden, shop,
          nicolae_shop_tiny_statue_garden, chequers_serial_rivers_micro_e,
          serial_park_tiny_pond, minmay_misc_feat_roman, uniq_crazy_yiuf_cottage
D:3:      layout_basic, uniq_grinder, uniq_terence, uniq_natasha

Skill      XL: |  1  2  3  4 |
---------------+-------------+-----
Ranged Weapons | 3 4 5 |  5.0
Fighting       | 2 |  2.0
Dodging        | |  2.1
Spellcasting   | |  1.0
Hexes          | |  2.0

Action                     |  1- 3 |  4- 6 || total
---------------------------+-------+-------++-------
   Fire: Sling             |   105 |    65 ||   170
    Use: Scroll            |     3 |       ||     3
 Armour: Robe              |     9 |       ||     9
         Leather armour    |       |    11 ||    11
  Dodge: Dodged            |    30 |    26 ||    56

Table legend:
 A = Non-vault XP
 B = Vault XP
 C = Vault XP percentage of total XP
 D = Non-vault monster count
 E = Vault monster count
 F = Vault count percentage of total count
                 A         B        C        D         E       F
            +---------+---------+-------+---------+---------+-------
      Total |     141 |       0 |   0.0 |      57 |       0 |   0.0
            +---------+---------+-------+---------+---------+-------
        D:1 |      47 |       0 |   0.0 |      23 |       0 |   0.0
        D:2 |      64 |       0 |   0.0 |      25 |       0 |   0.0
        D:3 |      30 |       0 |   0.0 |       9 |       0 |   0.0
            +---------+---------+-------+---------+---------+-------
